 Dungeon Crawl Stone Soup version 0.25.1-2-g60ff931df9 (webtiles) character file.

Game seed: 6902859817870180839

94 Mrkan the Skirmisher (level 4, -4/40 HPs)
             Began as a Draconian Fighter on Nov 10, 2020.
             Was an Initiate of Wu Jian.
             Killed by divine providence
             ... invoked by an orc priest
              (12 damage)
             ... on level 2 of the Dungeon.
             The game lasted 00:01:58 (1897 turns).

Mrkan the Skirmisher (Draconian Fighter)            Turns: 1897, Time: 00:01:59

Health: -4/40      AC:  5    Str: 19    XL:     4   Next: 38%
Magic:  4/4        EV: 10    Int:  8    God:    Wu Jian [......]
Gold:   117        SH:  9    Dex: 11    Spells: 3/3 levels left

rFire    . . .     SeeInvis .   a - +0 war axe
rCold    . . .     Gourm    .   b - +0 kite shield
rNeg     . . .     Faith    .   (armour unavailable)
rPois    .         Spirit   .   (helmet restricted)
rElec    .         Reflect  .   (no cloak)
rCorr    .         Harm     .   (no gloves)
MR       .....                  (no boots)
Stlth    +.........             (no amulet)
HPRegen  0.13/turn              (no ring)
MPRegen  0.09/turn              (no ring)

@: no status effects
A: unfitting armour, cold-blooded, AC +5
a: Renounce Religion


You were on level 2 of the Dungeon.
You worshipped Wu Jian.
Wu Jian was noncommittal.
You were not hungry.

You visited 1 branch of the dungeon, and saw 2 of its levels.

You collected 117 gold pieces.

Inventory:

Hand Weapons
 a - a +0 war axe (weapon)
Missiles
 h - 5 curare-tipped darts (quivered)
Armour
 b - a +0 kite shield (worn)
Scrolls
 c - 2 scrolls of blinking {unknown}
 f - 2 scrolls of remove curse {unknown}
Potions
 e - a potion of invisibility {unknown}
 g - a potion of berserk rage {unknown}
 i - 2 potions of curing
Comestibles
 d - 5 rations
 j - 2 chunks of flesh


   Skills:
 + Level 4.0 Fighting
 * Level 3.6 Axes
 - Level 2.6 Dodging
 + Level 3.6 Shields


You had 3 spell levels left.
You didn't know any spells.
Your spell library was empty.

Dungeon Overview and Level Annotations

Branches:
Dungeon (2/15)

Altars:
Wu Jian


Innate Abilities, Weirdness & Mutations

Your plain brown scales are hard. (AC +5)
You cannot fit into any form of body armour.
You are cold-blooded and may be slowed by cold attacks.


Message History

You hit the orc. The orc wizard closely misses you. You block the orc's attack.
You barely miss the orc wizard.
The orc wizard is severely wounded.
You hit the orc warrior but do no damage.
You barely miss the orc.
The orc priest invokes the aid of Beogh against you.
Beogh smites you! You block the orc warrior's attack.
The orc hits you with a +0 hand axe. The orc wizard barely misses you.
The orc priest miscasts a cantrip.
You block the orc's attack.
The orc priest casts a cantrip, but nothing happens.
The orc wizard casts a spell.
The orc wizard flickers and vanishes!
Deactivating autopickup; reactivate with Ctrl-A.
The orc priest calls down the wrath of Beogh upon you.
Beogh smites you!
* * * LOW HITPOINT WARNING * * *
The orc priest calls down the wrath of Beogh upon you.
Beogh smites you!
You die...

#......#.#....##.....##.##......
##......#.##...####.####.........
##......#.##.........†...........
##......#.##.....#.##............
##.####.#.##....##...............
'..####'#'##....#####............
##...............................
.+.....<..........o....o..÷.#.#.#
##..............@o...{.####.#....
.'............#........# #.#..$#
##............#........# #.#....
..............#........# #.....#
###.#'#########........# ###.#.#
..#.#.# #........# #.#.# #.#.#.#
#........# #.#.# #.#.#÷#
#........# ..#.. #.#.#.# ### #


You could see an orc warrior, an orc priest and an orc.

Vanquished Creatures
  Terence (D:2)
  An adder (D:2)
  3 dart slugs
  3 leopard geckos
  6 bats
  5 goblins
  8 hobgoblins
  6 jackals
  2 quokkas (D:2)
  3 ball pythons (D:2)
  A frilled lizard (D:2)
  3 kobolds (D:1)
  9 rats
51 creatures vanquished.

Notes
Turn   | Place    | Note
-------+----------+-------------------------------------------
     0 | D:1      | Mrkan the Draconian Fighter began the quest for the Orb.
     0 | D:1      | Reached XP level 1. HP: 19/19 MP: 1/1
   180 | D:1      | Reached XP level 2. HP: 25/26 MP: 2/2
   578 | D:1      | Reached XP level 3. HP: 31/31 MP: 3/3
  1346 | D:2      | Noticed Terence
  1354 | D:2      | Killed Terence
  1354 | D:2      | Reached XP level 4. HP: 25/40 MP: 4/4
  1651 | D:2      | Reached skill level 4 in Fighting
  1803 | D:2      | Found an ornate altar of the Wu Jian Council.
  1826 | D:2      | Became a worshipper of the Wu Jian Council
  1876 | D:2      | Noticed an orc warrior
  1897 | D:2      | Killed from afar by an orc priest

Illustrated notes

Levels and vault maps discovered:
D:1:      dpeg_arrival_radiant, layout_basic
D:2:      layout_basic, old_standard_altar, first_ration, uniq_robin,
          uniq_terence

Skill      XL: |  1  2  3  4 |
---------------+-------------+-----
Axes           | 3 |  3.6
Fighting       | 4 |  4.0
Dodging        | |  2.6
Shields        | |  3.6

Action                   |  1- 3 |  4- 6 || total
-------------------------+-------+-------++-------
Melee: War axe           |    96 |    32 ||   128
       Tailslap          |    12 |     3 ||    15
Invok: Lunge             |       |     1 ||     1
  Use: Potion            |     1 |       ||     1
 Stab: Sleeping          |     1 |       ||     1
  Eat: Chunk             |     2 |     1 ||     3
Armor: Skin              |    40 |     9 ||    49
Dodge: Dodged            |    48 |    17 ||    65
Block: Kite shield       |    71 |    14 ||    85
